AoeStats
← gg_Karlinx

Coastal Forest

510818992Analyzed
4v4 RM · 11h ago on Oct 2, 2026· 20m 11s· 8 players
Game mode
Random Map
Map size
Large (8 player)
Population
200
Speed
Normal
Resources
Standard
Victory
Conquest
Starting age
Dark Age
Ending age
Imperial Age
RankedLock teamsTeams togetherTeam positionsShared explorationLock speedFull tech treeHidden civsTurbo modeCheats
Victory
Defeat
🇨🇿 Saxons · Czechia
1420
+12
🇨🇿 Magyars · Czechia
1364
+14
🇨🇿 Italians · Czechia
1339
+15
🇨🇿 Vietnamese · Czechia
1241
+20
🇨🇿 Vietnamese · Czechia
1375
-17
🇬🇧 Khmer · United Kingdom
1325
-15
🇮🇹 Franks · Italy
1312
-15
🇬🇧 Shu · United Kingdom
1285
-14
Just fun
6:08 Loom
9:12 Feudal Age
9:48 Double-Bit Axe
14:43 Fletching
17:58 Horse Collar
18:27 Gold Mining
Sirda
8:58 Feudal Age
8:40 Loom
9:31 Double-Bit Axe
15:38 Fletching
18:40 Padded Archer Armor
RegiTehT
6:51 Loom
9:25 Feudal Age
10:05 Double-Bit Axe
15:18 Wheelbarrow
17:49 Castle Age
15:51 Fishing Lines
Kapitan_Flafik_cz
9:42 Feudal Age
7:57 Loom
10:18 Double-Bit Axe
15:24 Scale Barding Armor
DizzyLeChuck
6:40 Loom
9:06 Feudal Age
11:58 Double-Bit Axe
12:14 Fletching
13:47 Padded Archer Armor
AoR | StubbyTheAngryBeaver
5:00 Loom
12:00 Feudal Age
16:08 Castle Age
16:15 Bloodlines
15:58 Double-Bit Axe
15:56 Horse Collar
JorgeQuins
1:38 Loom
10:04 Feudal Age
10:43 Double-Bit Axe
15:31 Forging
gg_Karlinx
5:04 Loom
6:31 Loom
9:08 Feudal Age
9:51 Double-Bit Axe
9:54 Horse Collar
13:55 Fletching
15:54 Padded Archer Armor
Connection lost

Rejoining the realm…

Still unreachable

The connection could not be restored.

Session expired

The server has moved on; the page needs a fresh start.